cohdb
Replays
Latest Replays
All Replays
Popular Replays
Top Player Replays
Match Explorer
How It Works
Community
CoH3 Stats
Reddit
Sign in to upload your games and track your stats! →
Sign in with Steam
Match 42022667
Unlisted
Match 42022667
Overview
Messages
Build Orders
End
Construct Barracks
Selects Heavy Weapons
Riflemen Squad
M1 Mortar Team
Construct Weapon Support Center
M1919 Machine Gun Team
Mechanized Support Center
Riflemen Squad
Grenade Package
Selects M2HB .50cal Heavy Machine Gun
M1919 Machine Gun Team
Construct Motor Pool
Selects Assault Carriers
M3 75 mm Gun Motor Carriage
Engineer Squad
Construct Medical Station
Designate Forward Repair Station
Selects Exchangeable Parts
Construct Tank Depot
.30 cal Machine Gun
M4(105) Sherman Bulldozer
Improvised Armor
.30 cal Machine Gun
M1 Anti-tank Gun Team
.30 cal Machine Gun
Bazooka Squad
Selects M26 Pershing Heavy Tank
M26 Pershing Heavy Tank
Sabom
SHALDUN
©Redgaarden III
kerem
sunsetistaken
[Ⓥ] Haisen
0
0
Comments
sign in to comment!
No comments posted yet!